 Dungeon Crawl Stone Soup version 0.30-b1-2-g02819fbbbe (webtiles) character file.

Game seed: 13939586937494113511

861 Esekla the Covert (level 8, -4/54 HPs)
             Began as an Octopode Delver on May 3, 2023.
             Was an Initiate of Gozag.
             Slain by an ice beast (11 damage)
             ... on level 6 of the Dungeon.
             The game lasted 00:33:18 (5399 turns).

Esekla the Covert (Octopode Delver)                 Turns: 5399, Time: 00:33:19

Health: -4/54      AC:  1    Str: 11    XL:     8   Next: 2%
Magic:  12/12      EV: 14    Int: 14    God:    Gozag
Gold:   707        SH:  0    Dex: 14    Spells: 10/12 levels left

rFire   . . .        s - +2 dagger (flame)
rCold   . . .        (no shield)
rNeg    . . .        o - +0 hat {Will+}
rPois   .            (no amulet)
rElec   .            y - ring of see invisible
rCorr   .            (no ring)
SInv    +            (no ring)
Will    +....        (no ring)
Stlth   +++++        (no ring)
HPRegen 0.29/turn    (no ring)
MPRegen 0.13/turn    (no ring)
                     (no ring)

%: no passive effects
@: no status effects
A: almost no armour, amphibious, 8 rings, camouflage 1, gelatinous body 1,
(nimble swimmer 1), tentacles
a: Renounce Religion, Potion Petition, Call Merchant, Bribe Branch


You were on level 6 of the Dungeon.
You worshipped Gozag.
Gozag was pleased with you.
You visited 2 branches of the dungeon, and saw 7 of its levels.
You also visited: Sewer.

You collected 1113 gold pieces.
You spent 392 gold pieces at shops.
You paid 14 gold pieces to Gozag.

Inventory:

Hand Weapons
 a - a +0 scimitar
 r - a +0 spear
 s - a +2 dagger of flaming (weapon)
 v - a +2 dagger of venom
Missiles
 w - 2 boomerangs
 A - 3 poisoned darts (quivered)
Armour
 o - a +0 hat of willpower (worn)
Jewellery
 t - a ring of ice
 y - a ring of see invisible (left tentacle)
Wands
 f - a wand of digging (3)
Scrolls
 b - 5 scrolls of fog
 c - 2 scrolls of teleportation {unknown}
 d - a scroll of acquirement {unknown}
 e - 4 scrolls of blinking {unknown}
 h - 2 scrolls of enchant weapon {unknown}
 i - a scroll of fear
 j - 8 scrolls of identify
 k - 4 scrolls of immolation {unknown}
 n - a scroll of brand weapon {unknown}
 p - 2 scrolls of vulnerability {unknown}
 u - 2 scrolls of magic mapping
 x - a scroll of amnesia {unknown}
 C - a scroll of poison {unknown}
Potions
 g - 2 potions of might
 l - 5 potions of flight
 m - 2 potions of mutation
 q - a potion of magic
 z - a potion of attraction
 B - a potion of haste


   Skills:
 * Level 4.4 Fighting
 + Level 1.5(3.0) Short Blades
 * Level 4.0(4.2) Long Blades
 + Level 1.4 Throwing
 * Level 3.4 Dodging
 - Level 8.0 Stealth
 * Level 2.9 Spellcasting
 * Level 1.7 Conjurations
 * Level 1.3 Transmutations
 * Level 1.5 Fire Magic
 * Level 1.4 Earth Magic


You had 10 spell levels left.
You knew the following spells:

 Your Spells              Type           Power      Damage    Failure   Level
w - Wereblood             Tmut           5%         N/A       19%         2

Your spell library contained the following spells:

 Spells                   Type           Power      Damage    Failure   Level
 Summon Small Mammal      Summ           8%         N/A       22%         1
 Sublimation of Blood     Necr           2%         N/A       32%         2
 Ignite Poison            Fire/Tmut/Pois 4%         N/A       41%         3
 Call Canine Familiar     Summ           2%         N/A       54%         3
 Summon Guardian Golem    Hex/Summ       2%         N/A       54%         3
 Sticky Flame             Conj/Fire      6%         2d3       73%         4
 Summon Hydra             Summ           1%         N/A       100%        7
 Ignition                 Fire           3%         3d4       100%        8


Dungeon Overview and Level Annotations

Branches:
Dungeon (6/15)             Temple (1/1) D:5           Sewer (visited)

Altars:
Cheibriados
Dithmenos
Elyvilon
Gozag
Nemelex Xobeh
Trog
Uskayaw
Vehumet
Wu Jian
Zin
The Shining One

Shops:
D:4 :


Innate Abilities, Weirdness & Mutations

You cannot wear most types of armour.
You are amphibious.
You can wear up to eight rings at the same time.
Your skin changes colour to match your surroundings (Stealth+).
Your rubbery body absorbs attacks. (AC +1, EV +1)
((You are camouflaged when in or above water. (Stealth+)))
You have tentacles for arms and can constrict up to eight enemies at once.


Message History

You hit the ice beast but do no damage.
The ice beast is no longer distracted by gold.
You squeeze the ice beast, but do no damage.
The ice beast is moderately wounded.
The ice beast hits you. The ice beast freezes you!
You hit the ice beast.
You melt the ice beast.
The ice beast is moderately wounded.
You completely miss the ice beast.
The ice beast is moderately wounded.
The ice beast hits you. The ice beast freezes you.
You hit the ice beast but do no damage.
You tentacle-slap the ice beast, but do no damage.
You squeeze the ice beast!
The ice beast is severely wounded.
The ice beast closely misses you.
You barely miss the ice beast. You squeeze the ice beast.
The ice beast is severely wounded.
The ice beast hits you. The ice beast freezes you!
You hit the ice beast but do no damage. You squeeze the ice beast.
The ice beast is almost dead.
The ice beast hits you.
* * * LOW HITPOINT WARNING * * *
The ice beast freezes you.
* * * LOW HITPOINT WARNING * * *
Okay, then.
Unknown command.
You hit the ice beast but do no damage.
You squeeze the ice beast, but do no damage.
The ice beast is almost dead.
The ice beast completely misses you.
You hit the ice beast but do no damage.
The ice beast is almost dead.
The ice beast barely misses you.
You barely miss the ice beast.
The ice beast is almost dead.
The ice beast hits you.
* * * LOW HITPOINT WARNING * * *
The ice beast freezes you!
You die...
Your body crumbles into a pile of gold.

$ #####
############ #...#
$ 8.........8#
#...# .....8.....#
#...#
O..#####...####...#
#...#.#...##
#8.@#....>.#
#..Y'..#...#
#...#..#..##
.8.....#..#..#
......8#....##
########...####
...........#
#..........## J.
#....##.#...##


You could see an ice beast.

Vanquished Creatures
  Duvessa (D:5)
  A black bear (D:6)
  Dowan (D:5)
  2 howler monkeys
  2 orc priests (D:5)
  3 hounds
  2 iguanas
  An orc wizard (D:5)
  Robin (D:3)
  10 adders
  4 river rats
  A shadow imp (D:6)
  2 white imps
  An ufetubus (D:5)
  5 worms
  A dart slug (D:5)
  10 orcs
  13 bats
  7 endoplasms
  3 giant cockroaches (Sewer)
  14 goblins
  14 hobgoblins
  14 jackals
  3 quokkas
  8 ball pythons
  5 frilled lizards
  4 kobolds
  6 rats
139 creatures vanquished.

Notes
Turn   | Place    | Note
-------+----------+-------------------------------------------
     0 | D:5      | Esekla the Octopode Delver began the quest for the Orb.
     0 | D:5      | Reached XP level 1. HP: 16/16 MP: 1/1
    15 | D:5      | Noticed a scorpion
    21 | D:5      | Noticed an orc priest
    23 | D:5      | Noticed an orc wizard
    40 | D:5      | Killed an orc wizard
    41 | D:5      | Reached skill level 7 in Stealth
    41 | D:5      | Reached XP level 2. HP: 16/21 MP: 2/2
    41 | D:5      | Reached XP level 3. HP: 19/26 MP: 3/3
    57 | D:5      | Found a staircase to the Ecumenical Temple.
    64 | Temple   | Entered the Ecumenical Temple
   134 | D:5      | Found an ornate altar of the Wu Jian Council.
   148 | D:5      | Found a hide-covered altar of Uskayaw.
   240 | Temple   | Became a worshipper of Gozag Ym Sagoz the Greedy
   311 | D:5      | Noticed Duvessa
   312 | D:5      | Noticed Dowan
   345 | D:5      | Found a glowing drain.
   366 | Sewer    | Entered a sewer
   499 | Sewer    | Reached skill level 1 in Spellcasting
   534 | Sewer    | Reached XP level 4. HP: 26/31 MP: 4/6
   847 | Sewer    | Reached XP level 5. HP: 18/36 MP: 8/8
  1393 | D:3      | Found a snail-covered altar of Cheibriados.
  1404 | D:3      | Noticed Robin
  1737 | D:2      | Found a faded altar of an unknown god.
  2009 | D:1      | Reached skill level 8 in Stealth
  2969 | D:2      | Reached XP level 6. HP: 35/39 MP: 9/9
  3262 | D:3      | Killed Robin
  3607 | D:4      | Found Raneaghe's Book Boutique.
  3688 | D:4      | Bought a book of Blood for 392 gold pieces
  3691 | D:4      | Learned a level 2 spell: Wereblood
  3964 | D:4      | Identified the +1 robe of Geafyov {Drain Dex+3 Slay+5}
  4037 | D:4      | Found a white marble altar of Elyvilon.
  4325 | D:5      | Reached skill level 1 in Short Blades
  4328 | D:5      | Reached skill level 1 in Throwing
  4521 | D:5      | Reached XP level 7. HP: 36/47 MP: 10/10
  4530 | D:5      | Reached skill level 1 in Conjurations
  4530 | D:5      | Reached skill level 1 in Fire Magic
  4792 | D:5      | Killed Duvessa
  4793 | D:5      | Reached skill level 1 in Transmutations
  4816 | D:5      | Killed Dowan
  4817 | D:5      | Reached skill level 1 in Earth Magic
  5124 | D:6      | Found a bloodstained altar of Trog.
  5330 | D:6      | Reached XP level 8. HP: 54/54 MP: 12/12
  5399 | D:6      | Slain by an ice beast

Illustrated notes

Levels and vault maps discovered:
D:1:      nicolae_arrival_washed_ashore, layout_loops_ring
D:2:      layout_basic, ebering_ecumenical_altar_mist, minmay_misc_feat_hallway
D:3:      layout_loops_ring, mainiacjoe_overflow_cross_hatched, uniq_robin
D:4:      layout_loops_cross, mainiacjoe_overflow_alcove_1, serial_shops, shop
D:5:      layout_cave_pools, overflow_temple_1_default,
          mainiacjoe_overflow_brackets, minmay_temple_entry_trees,
          portal_sewer_entry_b, nicolae_kite_square_tiling_tiny,
          kennysheep_generic_room_10, uniq_duvessa
D:6:      layout_cave_pools, lemuel_coloured_pillars_altar,
          gammafunk_temple_overflow_wave, nicolae_nh_oracle_at_delphi
Temple:   nicolae_temple_ecumenical_triangle

Skill      XL: |  1  2  3  4  5  6  7 |
---------------+----------------------+-----
Stealth        | 7 8 |  8.0
Spellcasting   | 1 2 |  2.9
Long Blades    | 3 4 |  4.0
Short Blades   | 1 |  1.5
Throwing       | 1 |  1.4
Dodging        | 3 |  3.4
Fighting       | 4 |  4.4
Conjurations   | 1 |  1.7
Fire Magic     | 1 |  1.5
Transmutations | 1 |  1.3
Earth Magic    | 1 |  1.4

Action                     |  1- 3 |  4- 6 |  7- 9 || total
---------------------------+-------+-------+-------++-------
  Melee: Falchion          |    21 |   138 |    18 ||   177
         Constrict         |     7 |    51 |    11 ||    69
         Dagger            |     8 |    55 |    18 ||    81
         Tentacles         |     6 |    38 |    14 ||    58
         Punch             |     1 |     1 |     1 ||     3
         Scimitar          |       |       |    14 ||    14
  Throw: Boomerang         |       |     2 |       ||     2
         Dart              |       |       |     4 ||     4
   Cast: Wereblood         |       |     1 |     2 ||     3
    Use: Scroll            |     2 |     4 |       ||     6
         Potion            |     1 |       |     1 ||     2
   Stab: Sleeping          |     8 |    31 |     5 ||    44
         Distracted        |       |     2 |       ||     2
 Armour: Skin              |     1 |    12 |     1 ||    14
  Dodge: Dodged            |    22 |   111 |    26 ||   159
